 Dungeon Crawl Stone Soup version 0.17-a0-1409-ge6d9485 (webtiles) character file.

65 urechis the Twirler (level 4, -2/27 HPs)
             Began as a Tengu Gladiator on June 22, 2015.
             Slain by Crazy Yiuf
             ... wielding a +4 quarterstaff of chaos
              (13 damage)
             ... on level 2 of the Dungeon.
             The game lasted 00:02:24 (1153 turns).

urechis the Twirler (Tengu Gladiator)               Turns: 1153, Time: 00:02:24

Health: -2/27      AC:  3    Str: 15    XL:     4   Next: 13%
Magic:  5/5        EV: 13    Int:  8    God:
Gold:   82         SH:  0    Dex: 16    Spells: 0 memorised, 3 levels left

rFire  . . .     SeeInvis .     a - +0 quarterstaff
rCold  . . .     Clarity  .     b - +0 leather armour
rNeg   . . .     SustAt   .     (no shield)
rPois  .         Gourm    .     c - +0 hat
rElec  .         Spirit   .     (no cloak)
rCorr  .         Warding  .     (no gloves)
rMut   .         Stasis   .     (boots unavailable)
MR     .....                    (no amulet)
Stlth  ++........               (no ring)
                                k - ring of stealth

@: lethally poisoned (-2 -> -14), not resistant to hostile enchantments,
unstealthy
A: beak, talons 3
a: no special abilities


You were on level 2 of the Dungeon.
You were not hungry.

You visited 1 branch of the dungeon, and saw 2 of its levels.

You collected 82 gold pieces.

Inventory:

Hand weapons
 a - a +0 quarterstaff (weapon)
Missiles
 d - 3 throwing nets (quivered)
 j - 8 curare-tipped needles
Armour
 b - a +0 leather armour (worn)
 c - a +0 hat (worn)
Jewellery
 k - a ring of stealth (left hand)
 v - a +6 ring of evasion {unknown}
Scrolls
 f - a scroll of magic mapping {unknown}
 i - 2 scrolls of immolation {unknown}
 l - a scroll of amnesia {unknown}
 m - a scroll of recharging {unknown}
 o - 3 scrolls of remove curse {unknown}
 p - a scroll of blinking {unknown}
 q - a scroll of enchant weapon {unknown}
 r - 2 scrolls of teleportation {unknown}
 t - 2 scrolls of random uselessness {unknown}
 w - a scroll of identify {unknown}
 y - a scroll of fog {unknown}
Potions
 g - a potion of flight {unknown}
 h - 3 potions of curing {unknown}
 n - 2 potions of might {unknown}
Comestibles
 e - a bread ration
 s - 3 fruits
 u - a meat ration
 x - 3 chunks of flesh


   Skills:
 + Level 2.6 Fighting
 * Level 4.5 Staves
 - Level 2.1 Throwing
 + Level 3.8 Dodging


You had 3 spell levels left.
You didn't know any spells.

Dungeon Overview and Level Annotations

Branches:
Dungeon (2/15)

Altars:

Annotations:
D:2 Crazy Yiuf


Innate Abilities, Weirdness & Mutations

You have a beak for a mouth.
You have claws for feet.


Message History

This raw flesh tastes terrible.
You continue eating. x2
There is a stone staircase leading down here.
y - a scroll labeled KUNKYL UCULAUN
Found a hammer.
No target in view!
Crazy Yiuf the Enlightened comes into view.
He is wielding a quarterstaff of chaos.
Crazy Yiuf shouts!
No target in view!
No target in view!
No target in view!
No target in view!
Crazy Yiuf grits, "Paint testudinal Xom!"
Crazy Yiuf hits you with a quarterstaff of chaos!
Ouch! That really hurt!
You are lethally poisoned!
You sock Crazy Yiuf! Your kick misses Crazy Yiuf.
Crazy Yiuf is heavily wounded.
You feel sick.
Crazy Yiuf hits you with a quarterstaff of chaos!
You die...

#.###...........############
#.# #..####.###.# #.#
#.....#.# #.# ######.#
######### ### ### .......#
..# .......### #.#
.......#.# ### ♣♣#### #.#
.......#.# #)..#♣♣ ♣♣..#.##
#.# .......#.#
#...g@♣♣♣♣P.....# #.#
.......#.#
#...#♣..♣.P.....###.#
.......#.# ###
♣♣♣.♣.P.##.....# .......#†#
♣♣♣♣♣#####.#### ######...#
#........ #.#.##### ###
####.#### #### #.#.#.#.# #.#
#.# #. ...# #...#.#.#####.#
#.# #. ...# ###.#.........#
#.# #.


You could see Crazy Yiuf.

Vanquished Creatures
  3 adders (D:2)
  2 oozes (D:1)
  A ball python (D:2)
  3 goblins
  2 hobgoblins
  3 jackals (D:2)
  7 bats
  3 giant newts
  4 kobolds
  5 rats
33 creatures vanquished.

Notes
Turn   | Place    | Note
--------------------------------------------------------------
     0 | D:1      | urechis the Tengu Gladiator began the quest for the Orb.
     0 | D:1      | Reached XP level 1. HP: 12/12 MP: 2/2
    72 | D:1      | Reached XP level 2. HP: 15/17 MP: 3/3
   338 | D:1      | Reached skill level 4 in Staves
   554 | D:2      | Reached XP level 3. HP: 14/22 MP: 4/4
  1034 | D:2      | Reached XP level 4. HP: 25/27 MP: 5/5
  1149 | D:2      | Noticed Crazy Yiuf
  1153 | D:2      | Slain by Crazy Yiuf

Vault maps used:
D:1:      saegor_arrival_simple_f
D:2:      kennysheep_pointless_box, uniq_crazy_yiuf_cottage

Action                   |  1- 3 |  4- 6 || total
-------------------------+-------+-------++-------
Melee: Quarterstaff      |    66 |     4 ||    70
 Stab: Sleeping          |     5 |       ||     5
  Eat: Chunk             |       |     1 ||     1
